 Seeded DCSS version 0.31-a0-851-g7ff8af7976 (webtiles) character file.

Game seed: 20231006 (custom seed)

6 Danienth the Sneak (level 1, 0/9 HPs)
             Began as a Spriggan Enchanter on Oct 6, 2023.
             Succumbed to an adder's poison
             ... on level 2 of the Dungeon.
             The game lasted 00:02:02 (172 turns).

Danienth the Sneak (Spriggan Enchanter)              Turns: 172, Time: 00:02:03

Health: 0/9        AC:  2    Str:  4    XL:     1   Next: 75%
Magic:  5/5        EV: 17    Int: 16    God:
Gold:   41         SH:  0    Dex: 15    Spells: 5/5 levels left

rFire   . . .        a - +1 dagger
rCold   . . .        (no shield)
rNeg    . . .        b - +0 robe
rPois   .            (helmet restricted)
rElec   .            (no cloak)
rCorr   .            (gloves unavailable)
SInv    +            (boots unavailable)
Will    .....        (no amulet)
Stlth   +++          (no ring)
HPRegen 0.21/turn    (no ring)
MPRegen 0.09/turn

%: no passive effects
@: lethally poisoned (0 -> -2), invisible, very quick
A: very small, no large weapons, unfitting armour, see invisible, speed 3
a: no special abilities


You were on level 2 of the Dungeon.
You visited 1 branch of the dungeon, and saw 2 of its levels.

You collected 41 gold pieces.

Inventory:

Hand Weapons
 a - a +1 dagger (weapon)
Missiles
 d - 2 poisoned darts (quivered)
Armour
 b - a +0 robe (worn)
Potions
 c - a potion of invisibility


   Skills:
 * Level 0.6 Fighting
 * Level 1.6 Short Blades
 - Level 2.6 Dodging
 - Level 4.4 Stealth
 - Level 2.6 Spellcasting
 - Level 3.6 Hexes


You had 5 spell levels left.
You didn't know any spells.
Your spell library contained the following spells:

 Spells                   Type           Power      Damage    Failure   Level
 Confusing Touch          Hex            13%        N/A       13%         3
 Tukima's Dance           Hex            13%        N/A       13%         3
 Ensorcelled Hibernation  Hex/Ice        14%        N/A       14%         2
 Dazzling Flash           Conj/Hex       14%        N/A       28%         3


Dungeon Overview and Level Annotations

Branches:
Dungeon (2/15)

Altars:

Shops:
D:2 (


Innate Abilities, Weirdness & Mutations

You are very small and have problems with some larger weapons.
You are too small for most types of armour.
You have supernaturally acute eyesight. (SInv)
You cover ground extremely quickly. (Speed+++)


Message History

Press: ? - help, Dir - move target, f/p - adder
Aim: an adder (very poisoned, about 52% to evade your +1 dagger)
You barely miss the adder. The adder closely misses you.
A goblin comes into view. It is wielding a +0 club.
The adder barely misses you.
Hit: a) +1 dagger
Press: ? - help, Dir - move target, f/p - adder
Aim: an adder (very poisoned, about 52% to evade your +1 dagger)
You miss the adder. The adder bites you.
Hit: a) +1 dagger
Press: ? - help, Dir - move target, f/p - adder
Aim: an adder (lightly wounded, very poisoned, about 52% to evade your +1 dagger)
The goblin shouts!
You hit the adder.
The adder is heavily wounded.
The adder bites you.
You are poisoned.
The adder poisons you!
Unknown command.
You fade into invisibility!
You feel sick. The adder barely misses you.
Hit: a) +1 dagger
Press: ? - help, Dir - move target, f/p - adder
Aim: an adder (heavily wounded, unable to see you, poisoned, about 52% to evade your +1 dagger)
You barely miss the adder.
The adder is heavily wounded.
You feel sick. The adder bites you.
* * * LOW HITPOINT WARNING * * *
Hit: a) +1 dagger
Press: ? - help, Dir - move target, f/p - adder
Aim: an adder (heavily wounded, unable to see you, poisoned, about 52% to evade your +1 dagger)
You closely miss the adder.
The adder is heavily wounded.
The adder closely misses you.
Hit: a) +1 dagger
Press: ? - help, Dir - move target, f/p - adder
Aim: an adder (heavily wounded, unable to see you, poisoned, about 52% to evade your +1 dagger)
You closely miss the adder.
The adder is heavily wounded.
You die...

####.###....#
...?........####
.......>.........
.................
................
.........g......
.....$.......#
.......@.....#
..>....S.....###
....(...#......#
..(.....#......#
(.......#......#
........#......#
.....##.........#
.....#..........#
................#


You could see an adder (unable to see you, poisoned) and a goblin (unable to see
you).

Vanquished Creatures
  A ball python (D:1)
  An endoplasm (D:1)
  2 jackals (D:2)
  A bat (D:1)
5 creatures vanquished.

Notes
Turn   | Place    | Note
-------+----------+-------------------------------------------
     0 | D:1      | Danienth the Spriggan Enchanter began the quest for the
                  | Orb.
     0 | D:1      | Reached XP level 1. HP: 9/9 MP: 5/5
    79 | D:2      | Found Xaurr's Jewellery Emporium.
    90 | D:2      | Found Naecsusk's Antique Weapon Boutique.
   172 | D:2      | Succumbed to an adder's poison

Illustrated notes

Levels and vault maps discovered:
D:1:      dpeg_arrival_simpleton_b, layout_loops_ring
D:2:      minmay_recursive_quarters, layout_basic,
          ebering_ecumenical_altar_sacrificial, serial_shops,
          nicolae_shop_peninsula, shop, nicolae_shop_advertising_works
          [nicolae_subvault_shop_adworks], nicolae_shop_tiny_real_fake_doors

Action                     || total
---------------------------++-------
  Melee: Dagger            ||    21
  Throw: Dart              ||     4
    Use: Potion            ||     2
   Stab: Sleeping          ||     2
 Armour: Robe              ||     6
  Dodge: Dodged            ||    14

Table legend: (Time is in decaauts)
 A = Elapsed time spent in this place.
 B = Non-inter-level travel time spent in this place.
 C = Inter-level travel time spent in this place.
 D = Time resting spent in this place.
 E = Time spent auto-exploring this place.
 F = Levels seen in this place.
 G = Mean time per level.
                   A        B        C        D        E       F      G
               +--------+--------+--------+--------+--------+-----+--------+
         Total |    131 |    117 |     14 |     26 |     48 |   2 |   65.5 |
       Dungeon |    131 |    117 |     14 |     26 |     48 |   2 |   65.5 |
               +--------+--------+--------+--------+--------+-----+--------+

Top non-repeatable levels by time:
     D:2: 96 daAuts
     D:1: 35 daAuts
